[Event "Przeworsk GM norm 2022"]
[Site "Przeworsk"]
[Date "2022.05.31"]
[Round "3.5"]
[White "Teclaf, Pawel"]
[Black "Fus, Jakub"]
[Result "1-0"]
[ECO "B13"]
[WhiteElo "2537"]
[BlackElo "2378"]
[Annotator "TA"]
[PlyCount "117"]
[EventDate "2022.05.30"]
[EventType "tourn"]
[EventCountry "POL"]
[SourceTitle "playchess.com"]
[Source "ChessBase"]
[SourceQuality "1"]
[TimeControl "40/5400+30:1800+30"]

1. e4 c6 2. d4 d5 3. exd5 cxd5 4. Bd3 Nc6 5. c3 Nf6 6. h3 e5 7. dxe5 Nxe5 8. Nf3 Nxd3+ {[%emt 0:01:04] B13: Caro-Kann: Exchange Variation and Panov-Botvinnik Attack.} 9. Qxd3 Bd6 {[%emt 0:02:28] The modern move.} 10. O-O O-O {[%emt 0:00:12] The position is equal.} 11. Bg5 h6 $1 12. Bxf6 Qxf6 13. Nbd2 Rd8 {[%emt 0:03:19] [#]} 14. Rad1 $146 ({Predecessor:} 14. Rfe1 Bf5 15. Qd4 Qxd4 16. Nxd4 Bd7 17. N2f3 Re8 18. Rxe8+ Rxe8 19. Re1 Re4 20. Kf1 {1-0 (73) Studer,N (2579)-Macovei,A (2453) Chess.com INT 2021}) 14... Bf5 15. Qd4 Qxd4 16. Nxd4 Bd3 {[%emt 0:00:54] A strong pair of Bishops.} 17. Rfe1 Re8 18. Nf1 {[%emt 0:06:44] And now Rxe8+ would win.} Rxe1 19. Rxe1 Rd8 20. Rd1 Be4 21. Nd2 Bg6 22. N2b3 a6 23. Kf1 Be7 24. Ne2 Bc2 25. Rd2 Bxb3 (25... Bb1 $5 ) 26. axb3 $11 {[%emt 0:03:03][%mdl 4096] Endgame KRB-KRN} Bg5 {[%emt 0:00:03] Inhibits Nf4.} 27. Rd1 Kf8 28. b4 Ke7 29. Nd4 Bf6 30. Nb3 Kd6 31. Ke2 Kc6 32. Kd3 Re8 33. Ra1 Ra8 34. Ra5 Rd8 35. Nd4+ Kb6 36. Nf5 Ka7 37. g4 b6 38. Ra1 Kb7 39. f4 g6 {[%emt 0:03:00] Loses the game.} (39... Rf8 $16 {was called for.}) 40. Nxh6 $18 Rh8 41. g5 {[%emt 0:07:23] Black must now prevent Re1.} ({Don't play} 41. Nxf7 $6 Rxh3+ 42. Kc2 Rh7 $16) 41... Bg7 42. Nxf7 Rxh3+ 43. Kc2 {[%emt 0:02:30] Strongly threatening Nd8+.} d4 $2 (43... Kc7 44. Rxa6 d4) 44. Nd8+ Kc8 45. Ne6 Bh8 46. cxd4 Kd7 47. Nf8+ Kc6 48. Rd1 Kd5 49. Nxg6 Bxd4 50. Ne7+ ({Less strong is} 50. f5 Rh2+ 51. Kd3 Rh3+ 52. Ke2 Re3+ 53. Kf1 Ke4 $18) 50... Ke4 {[%emt 0:00:07] [#]} (50... Ke6 $18 51. Rxd4 Kxe7) 51. Rxd4+ $1 {[%emt 0:00:07] White mates.} Kxd4 {[%emt 0:00:05] [#] KR-KN} 52. g6 $1 Rh2+ 53. Kb1 Rg2 54. g7 Rxg7 55. Nf5+ Ke4 56. Nxg7 Kxf4 57. Kc2 Ke5 58. Kc3 Kd5 59. Nf5 {[%emt 0:00:08] Weighted Error Value: White=0.02 (flawless) /Black=0.24 (precise)} (59. Kb3 $142 Kc6 60. Kc4 b5+ 61. Kd4 Kb6 62. Ne6 Kc6 63. Nc5 Kc7 64. Nxa6+ Kd6 65. Ke4) 1-0

[Event "Przeworsk GM norm 2022"]
[Site "Przeworsk"]
[Date "2022.06.01"]
[Round "4.1"]
[White "Stefansson, Hannes"]
[Black "Fus, Jakub"]
[Result "1-0"]
[ECO "C75"]
[WhiteElo "2534"]
[BlackElo "2378"]
[Annotator "TA"]
[PlyCount "147"]
[EventDate "2022.05.30"]
[EventType "tourn"]
[EventCountry "POL"]
[SourceTitle "playchess.com"]
[Source "ChessBase"]
[SourceQuality "1"]
[TimeControl "40/5400+30:1800+30"]

1. e4 e5 2. Nf3 Nc6 3. Bb5 a6 4. Ba4 d6 5. c3 Bd7 6. d4 Nge7 7. Be3 Ng6 8. h4 Be7 9. h5 {[%emt 0:04:59] C75: Ruy Lopez: Deferred Steinitz: 5 c3 Bd7 6 d4 without ...g6.} Nh4 10. Nxh4 Bxh4 11. d5 {[%emt 0:01:51] White is slightly better.} Nb8 12. Bxd7+ Nxd7 13. Qg4 Bf6 14. Nd2 {[%emt 0:07:01] [#]} Nc5 $146 ({Predecessor:} 14... O-O 15. Qh3 Be7 16. O-O-O b5 17. Kb1 a5 18. Nf1 Nb6 19. Qg4 Qc8 20. Qxc8 Rfxc8 {1-0 (37) Vera Siguenas,D (2455)-Bachmann,A (2629) Antofagasta 2015}) 15. Bxc5 dxc5 16. Nc4 Qd7 17. Qg3 O-O 18. a4 (18. Nxe5 Bxe5 19. Qxe5 Rae8 $15) 18... Rfe8 19. a5 Qb5 20. Qd3 Bg5 21. Rh3 Rad8 22. Rf3 Qd7 23. Qe2 g6 24. Kd1 c6 25. Nb6 Qe6 26. c4 Rd6 (26... gxh5 $142 27. Rf5 Qg6) 27. Rd3 Qe7 28. Kc2 f5 (28... Red8 $16 29. Rg3 h6) 29. hxg6 $18 hxg6 30. Rh1 fxe4 $2 (30... Bf6 31. exf5 Bg7) 31. Rdh3 (31. Rg3 $142) 31... Bf6 32. Qg4 (32. Qxe4 Bg7 $16) (32. Re3 $142) 32... Bg7 $16 33. Re3 (33. Qxe4 $16 Rf8 34. Rf3) 33... Qf7 ({Better is} 33... Rf8 $1 $14) 34. Qh4 $36 {[%emt 0:01:24][%mdl 2048] White is pushing. 0x0.001761e60d29dp-1022s more active pieces.} Rf6 35. Re2 (35. Rxe4 Rxf2+ 36. Kb3 cxd5 37. Nxd5 Rxg2 $15) 35... e3 (35... Rd8 $16 {might work better.}) 36. fxe3 $18 e4 $2 (36... Rd8 37. e4 Kf8) 37. Rd2 (37. dxc6 $142 bxc6 38. Qh7+ Kf8 39. Rd1) 37... cxd5 $2 (37... Rd8 38. Kb3 Rfd6) 38. Nxd5 Rf5 39. g4 {[%emt 0:02:18] Prevents Rh5.} Rf3 40. Rdh2 ({White should try} 40. Qh7+ $18 Kf8 41. Nb6) 40... Qe6 41. Kb3 ({Only move:} 41. Kb1 $1 $18 {Nc7 is the strong threat.} Qe5 42. Rd1 (42. Qh7+ Kf7 $11)) 41... Qe5 {[%emt 0:07:15] Against Nc7} (41... Kf7 $1 $14) 42. g5 (42. Qh7+ $6 Kf7 $11) (42. Rd2 $16) 42... Kf7 $14 43. Qg4 {[%emt 0:00:17] Threatens to win with Qd7+. The board is on fire.} (43. Qh7 Qd4 44. Nc3 Rxe3 45. Rf1+ Rf3 $17) 43... Qf5 {[%emt 0:01:01] Inhibits Qd7+.} (43... Rd8 $14) 44. Qg1 (44. Qg2 $1 $16) 44... Re5 $1 45. Rd2 Qxg5 46. Qd1 {[%emt 0:00:12] Black must now prevent Ka2.} Qf5 {[%emt 0:02:18] [#]} (46... Rxd5 $14 47. cxd5 Rxe3+ 48. Ka2 Rf3) 47. Ka2 $1 $16 g5 (47... Re8 $16) 48. Rg1 Re6 $2 (48... Kg8 $16 49. Rdg2 Bh6) 49. Qb3 $18 Rd6 50. Qxb7+ Qd7 51. Qxd7+ Rxd7 52. Rxg5 Bh6 53. Rh5 Bxe3 {[%emt 0:01:06] [#]} 54. Re2 Bd4 (54... Kg6 $2 55. Re5 Bd4 56. R5xe4) 55. Rh7+ Ke6 (55... Bg7 $142 56. Rhh2 (56. Rxe4 Rf2 $16) 56... e3) 56. Rxe4+ Kf5 57. Ree7 ({Not} 57. Rxd7 Kxe4 58. Rb7 Rf2 $14) ({Weaker is} 57. Rhh4 Rf2 $16) 57... Rxe7 58. Rxe7 {[%emt 0:00:08][%mdl 4096] Endgame KRB-KRN} Rh3 59. Re2 {[%emt 0:00:27] Against Rh2} ({Don't play} 59. Ra7 $6 Rh2 $16) 59... Kg4 $2 {[%emt 0:00:25][%mdl 8192] Loses the game.} (59... Rh6 $16 {is a better defense.} 60. Ka3 Rh3+ 61. Ka2 Rh6) 60. Nc7 (60. Re6 $142) 60... Rh7 $2 (60... Kf3 {was necessary.} 61. Re6 Rh2) 61. Nxa6 Ra7 (61... Kf5 $142 62. b4 cxb4 63. Nxb4 Bc5) 62. Re6 {[%emt 0:00:13] White is clearly winning.} Kf5 63. Rc6 Kf4 64. Ka3 {[%emt 0:00:46] aiming for b3.} Ke3 65. b3 Kd2 66. Ka4 Bc3 67. Kb5 Kc2 68. Rc7 Ra8 69. Rh7 Kxb3 70. Nxc5+ Kc2 71. a6 {[%emt 0:00:15][%cal Ba5a6,Ba6a7][%mdl 32] Hoping for Na4.} Bd4 72. Na4 {[%emt 0:02:01] Strongly threatening c5.} Kd3 73. c5 Rc8 74. a7 {[%emt 0:00:21] Weighted Error Value: White=0.34/Black=0.39} 1-0

[Event "Przeworsk GM norm 2022"]
[Site "Przeworsk"]
[Date "2022.06.01"]
[Round "4.2"]
[White "Omelja, Artem"]
[Black "Teclaf, Pawel"]
[Result "1/2-1/2"]
[ECO "A40"]
[WhiteElo "2515"]
[BlackElo "2537"]
[Annotator "TA"]
[PlyCount "117"]
[EventDate "2022.05.30"]
[EventType "tourn"]
[EventCountry "POL"]
[SourceTitle "playchess.com"]
[Source "ChessBase"]
[SourceQuality "1"]
[TimeControl "40/5400+30:1800+30"]

1. d4 e6 2. c4 b6 3. e4 Bb4+ 4. Bd2 Bxd2+ 5. Qxd2 d5 6. Bd3 {[%emt 0:00:50] C01: French: Exchange Variation.} Nc6 7. Nf3 (7. cxd5 {looks sharper.} exd5 8. exd5 Qxd5 9. Nc3) 7... dxe4 8. Bxe4 Bb7 9. O-O Nf6 {[%emt 0:02:07] [#]} 10. Bc2 $146 (10. Bxc6+ $5 Bxc6 11. Ne5 $14) ({Predecessor:} 10. Bxc6+ Bxc6 11. d5 exd5 12. Re1+ Kf8 13. Nc3 dxc4 14. Qf4 Bxf3 15. Qxf3 c6 16. Rad1 {0-1 (53) Carow,J (2444)-Meier,G (2620) Playchess.com INT 2020}) 10... O-O 11. Qc3 Qd6 12. Na3 Rfd8 13. Rad1 Qb4 14. Nb1 Qxc3 15. Nxc3 Na5 16. Ne5 Nc6 17. Nxc6 Bxc6 18. Rd2 Rd7 19. f3 Rad8 20. Rfd1 a6 21. Kf2 b5 (21... h6 {feels hotter.} 22. Ke3 b5 23. b3 Kf8) 22. b3 bxc4 (22... Kf8 {keeps more tension.} 23. Ke3 h6 24. g3 Rd6) 23. bxc4 Rb8 24. Bb3 Kf8 25. Ke3 h5 26. h3 a5 27. Rb1 Ke7 28. Rdb2 Rbd8 29. Ne2 Ne8 {[%emt 0:06:36][%cal Bf6e8,Be8d6,Bd6c8,Bc8b6][%mdl 32] [#]} 30. Bc2 (30. d5 $1 $16 exd5 31. Nd4) 30... Nd6 $11 31. Bd3 Nc8 32. Rb8 Nb6 33. Rxd8 Rxd8 34. h4 Rb8 35. Nc3 Rd8 36. a3 Ra8 37. c5 Nd5+ 38. Nxd5+ Bxd5 {[%emt 0:00:43][%mdl 4096] Endgame KRB-KRB} 39. Be4 Kd7 40. a4 Bc6 41. Bxc6+ Kxc6 {[%emt 0:01:11] KR-KR} 42. Rb5 g6 43. Ke4 f6 {[%emt 0:00:54] [#]} 44. Rb1 (44. f4 $1 $16) 44... Re8 45. Rb5 (45. f4 $11) 45... Ra8 $16 46. Kd3 ({Better is} 46. f4 $16) 46... Kd5 (46... Rg8 $11) 47. Kc3 ({White should try} 47. f4 $14) 47... Kc6 48. Kc4 Kd7 (48... g5 $1 $11) 49. Rb7 Kc6 50. Rb2 Kd7 51. d5 ({White should play} 51. f4 $14) 51... exd5+ $11 {[%emt 0:00:43] The position is equal.} 52. Kxd5 c6+ $1 53. Kc4 Kc7 54. Re2 Rb8 55. Re7+ Kd8 56. Re6 Rb4+ 57. Kc3 Rxh4 58. Rxf6 g5 59. Rxc6 {[%emt 0:04:23] Weighted Error Value: White=0.14 (very precise) /Black=0.12 (very precise)} 1/2-1/2

[Event "Przeworsk GM norm 2022"]
[Site "Przeworsk"]
[Date "2022.06.01"]
[Round "4.3"]
[White "Mis, Mieszko"]
[Black "Mikrut, Dariusz"]
[Result "1-0"]
[ECO "C44"]
[WhiteElo "2388"]
[BlackElo "2361"]
[Annotator "TA"]
[PlyCount "87"]
[EventDate "2022.05.30"]
[EventType "tourn"]
[EventCountry "POL"]
[SourceTitle "playchess.com"]
[Source "ChessBase"]
[SourceQuality "1"]
[TimeControl "40/5400+30:1800+30"]

1. e4 e5 2. Nf3 Nc6 3. d4 exd4 4. Nxd4 Nf6 5. Nc3 d6 6. Bb5 Bd7 7. O-O Nxd4 8. Bxd7+ $1 {[%emt 0:00:58] 8.Bxd7+ scores better than 8.Qxd4.} Qxd7 9. Qxd4 Be7 $1 10. Rd1 {[%emt 0:01:05][%cal Bf1d1,Bd1e1,Be1e4][%mdl 32] C62: Ruy Lopez: Steinitz Defence.} Qe6 {[%emt 0:27:49] Against e5} 11. Nd5 Nxd5 12. exd5 {[%emt 0:00:47] [#] White is better.} Qf5 $146 ({Predecessor:} 12... Qf6 13. Qa4+ Kf8 14. Qd7 Bd8 15. Re1 g5 16. c3 Kg7 17. Be3 {1-0 (17) Conde Poderoso,A (2333)-Pibernik,D (1702) ICCF email 2016}) 13. Re1 Kf8 14. Qc4 Qd7 15. Be3 Bf6 16. Bd4 Bxd4 17. Qxd4 h5 18. Re4 {[%emt 0:06:23] 0x0.000866f7d7ccdp-1022s more active pieces. The black rooks are badly placed.} Rh6 19. Rae1 Rf6 20. Qe3 Kg8 21. Re8+ Rxe8 22. Qxe8+ Qxe8 23. Rxe8+ $14 {[%emt 0:00:02][%mdl 4096] Endgame KR-KR} Kh7 24. Re7 Rf5 25. Rxc7 Rxd5 26. Kf1 Rb5 27. b3 Kg6 28. Ke2 Kf6 29. c4 Re5+ 30. Kd3 Re7 (30... Rf5 $14) 31. Rxe7 $18 Kxe7 {[%emt 0:00:06] KP-KP} 32. Kd4 Ke6 33. b4 Ke7 $2 (33... Kd7 $16) 34. Ke4 $2 (34. h4 $18 {and the rest is easy.} Ke6 35. f3) 34... Ke6 $2 {[%emt 0:00:15][%mdl 8192] [#]} (34... Kd7 $16 {is tougher.}) 35. h4 $1 Kf6 (35... f5+ $142 36. Kd4 g6) 36. a4 Ke6 37. a5 $2 (37. f3 {Black must now prevent g4.} f6 38. Kf4) 37... Kf6 $2 (37... f6 38. Kf4 g6) 38. Kd5 Ke7 39. a6 bxa6 {[%emt 0:08:22] [#]} 40. Kc6 $1 Ke6 41. Kb7 a5 42. bxa5 Kd7 43. Kxa7 {[%emt 0:03:04] Kb6 would kill now.} Kc7 44. g3 {[%emt 0:00:19] Weighted Error Value: White=0.46/Black=0.83} 1-0

[Event "Przeworsk GM norm 2022"]
[Site "Przeworsk"]
[Date "2022.06.01"]
[Round "4.4"]
[White "Neugebauer, Martin"]
[Black "Baum, Jonasz"]
[Result "1-0"]
[ECO "B90"]
[WhiteElo "2505"]
[BlackElo "2409"]
[Annotator "TA"]
[PlyCount "71"]
[EventDate "2022.05.30"]
[EventType "tourn"]
[EventCountry "POL"]
[SourceTitle "playchess.com"]
[Source "ChessBase"]
[SourceQuality "1"]
[TimeControl "40/5400+30:1800+30"]

1. e4 c5 2. Nf3 d6 3. d4 cxd4 4. Nxd4 Nf6 5. Nc3 a6 6. Bd3 g6 7. h3 {[%emt 0:00:47] B90: Sicilian Najdorf: Unusual White 6th moves, 6 Be3 Ng4 and 6 Be3 e5.} Bg7 8. Be3 Nc6 9. Qd2 {[%emt 0:02:33] The position is equal.} O-O 10. O-O Bd7 11. a4 Rc8 12. f4 {[%emt 0:08:17][%cal Bf2f4,Bf4f5][%mdl 32] [#]} Nxd4 $146 ({Predecessor:} 12... Nh5 13. Nce2 Nxd4 14. Nxd4 e5 15. Ne2 exf4 16. Nxf4 Nxf4 17. Bxf4 Bxb2 18. Rab1 Bc3 {0-1 (30) Weiland,T-Roediger,T (2071) Frankfurt 2000}) 13. Bxd4 Bc6 14. a5 Qd7 15. Qf2 Ne8 16. Bxg7 Nxg7 17. f5 Ne8 18. Nd5 Bxd5 19. exd5 Nf6 20. c4 Qc7 21. Rfe1 Rce8 22. b4 $36 {[%emt 0:01:56][%mdl 2048] White has strong initiative.} Nd7 23. Rac1 {[%emt 0:01:39][%cal Ba1c1,Bc1c3,Bc3g3][%mdl 32] 0x0.002043f18c8fdp-1022s more active pieces. The black rooks are badly placed.} Ne5 24. Bb1 Qd7 25. Qf4 {[%emt 0:07:25] Black must now prevent Qh6.} Kg7 {[%emt 0:02:12] Prevents Qh6+.} 26. Rc3 Rc8 (26... f6 $16) 27. c5 $18 f6 (27... Kh8 {keeps fighting.} 28. Bc2 g5 29. Qxg5 f6) 28. fxg6 hxg6 {[%emt 0:00:01] [#]} 29. Rg3 $1 Qe8 $2 (29... f5 30. h4 Rf6) 30. cxd6 exd6 {[%emt 0:01:50][%cal Oe5f3] [#] aiming for ...Nf3+!} 31. Bxg6 $1 Nf3+ (31... Qxg6 32. Rxg6+) 32. Qxf3 Qxe1+ 33. Kh2 {[%emt 0:00:03] Threatening mate with Bf5+.} Rc7 34. Qg4 {[%emt 0:02:43] White mates.} ({Less strong is} 34. Qh5 Rh8 35. Bh7+ Qxg3+ 36. Kxg3 Rxh7 37. Qg4+ Kh8 $18) 34... Qc1 35. Bd3+ Kf7 36. Qe6# {[%emt 0:00:45] Weighted Error Value: White=0.13 (very precise) /Black=0.40} 1-0

[Event "Przeworsk GM norm 2022"]
[Site "Przeworsk"]
[Date "2022.06.01"]
[Round "4.5"]
[White "Golubka, Petro"]
[Black "Licznerski, Lukasz"]
[Result "1/2-1/2"]
[ECO "B10"]
[WhiteElo "2380"]
[BlackElo "2439"]
[Annotator "TA"]
[PlyCount "184"]
[EventDate "2022.05.30"]
[EventType "tourn"]
[EventCountry "POL"]
[SourceTitle "playchess.com"]
[Source "ChessBase"]
[SourceQuality "1"]
[TimeControl "40/5400+30:1800+30"]

1. e4 c6 2. Nf3 d5 3. d3 Bg4 4. h3 Bxf3 5. Qxf3 e6 6. g3 Nf6 7. Bg2 Be7 8. O-O O-O 9. Nd2 a5 {[%emt 0:08:41] A07: Réti Opening: New York and Capablanca Systems.} 10. a4 Na6 {[%emt 0:02:52] [#]} 11. Nb3 $146 ({Predecessor:} 11. Qe2 Nc5 12. e5 Nfd7 13. d4 Na6 14. f4 c5 15. dxc5 Nb4 16. Nb3 Nxc5 17. Nxc5 Bxc5+ {1-0 (47) Pikula,D (2435)-Ratkovic,M (2435) Paracin 2020}) 11... Nd7 12. d4 Qb6 13. Qe2 dxe4 14. Bxe4 Nf6 15. Bd3 Rfd8 16. Rd1 h6 17. Bc4 Nb4 18. c3 Nbd5 19. Bd2 Qc7 20. Bd3 Bd6 21. c4 (21. Qf3 {feels hotter.} Nd7 22. Re1 Re8 23. Bc2) 21... Nb4 22. Be1 Bf8 23. Be4 b6 24. Bc3 Nd7 25. Bg2 Rac8 26. Rd2 Re8 27. Rad1 Na2 28. Qd3 Nxc3 29. bxc3 Nf6 30. Qb1 e5 31. Rd3 c5 (31... b5 $5 32. dxe5 (32. cxb5 e4 $15) (32. axb5 cxb5 33. cxb5 e4 $15) 32... Rxe5 33. cxb5 cxb5 $11) 32. dxe5 Rxe5 33. Nd2 Rce8 34. Nf3 R5e6 35. Re1 g6 36. Rxe6 Rxe6 37. Nd2 h5 38. Bd5 Re2 39. Kf1 Re8 40. Qb5 {[%emt 0:00:00] Hoping for Rf3.} Kg7 41. Qc6 Qd8 42. Ne4 {[%emt 0:04:30] [#]} (42. Nf3 $11 {remains equal.}) 42... Re6 $1 $17 43. Qb7 Re7 (43... Nxd5 $15 44. Rxd5 Qe8) 44. Qc6 $11 Re6 45. Qb7 $17 Nxd5 46. Rxd5 Qe8 47. Ng5 (47. f3 $17) 47... Re1+ $2 (47... Re7 $1 $19 48. Qxb6 Re1+ 49. Kg2 Qe2) 48. Kg2 $11 Be7 {[%emt 0:01:07] White must now prevent ...Bxg5.} 49. Nf3 Re6 50. Rd7 Bf6 51. h4 Re7 (51... Bxc3 $2 52. Ng5 Bf6 53. Nxe6+ Qxe6 54. Qd5 $18) 52. Rxe7 Bxe7 {[%emt 0:00:02][%mdl 4096] Endgame KQB-KQN} 53. Qe4 Qd7 54. Ne5 $1 Qc7 55. Nd3 Qd7 56. Nf4 Bf6 57. Qc2 {[%emt 0:00:11] [#]} (57. Nd5 $11) 57... Bxh4 $1 $17 58. Nd5 Bd8 59. Qd1 Qe6 60. Qd3 {[%emt 0:01:47] Against Qe4+} Bg5 61. Qf3 f5 (61... Qc6 $17 62. Qe4 Bd8 63. Qe5+ Bf6) 62. Qd3 Bd8 63. Nf4 Qc6+ $1 64. Qd5 (64. f3 $15 Bf6 65. Qd5 Qxd5 66. Nxd5) 64... Qxd5+ 65. Nxd5 {[%emt 0:02:16] KB-KN} g5 66. f4 g4 67. Ne3 Kf6 68. Kf2 (68. Nd5+ $142 Ke6 69. Ne3) 68... Ke6 69. Ke2 h4 70. gxh4 Bxh4 71. Ng2 (71. Nd5 $17 {might work better.}) 71... Bf6 (71... Bg3 $1 $19 72. Kd3 Kf7) 72. Kd3 (72. Ne3 $17 {was necessary.}) 72... Be7 (72... Kf7 $1 $19 73. Ne3 Ke6) 73. Ke2 Bd6 74. Ke3 Be7 75. Ke2 $1 Bf6 (75... Kf6 $17 76. Kf2 Ke6 77. Ke2) 76. Kd3 $19 Kf7 $1 77. Ne3 Kg6 $1 78. Nd5 {[%emt 0:00:21] [#]} Bd8 ({Black should try} 78... Bh4 $1 $19 79. Ke2 Kh5) 79. Ke2 Kh5 80. Kf2 {[%emt 0:00:18] [#]} Kh4 (80... Kh6 $1 $17 81. Kg3 Kg7) 81. Kg2 $1 $11 {[%emt 0:00:37] The position is equal.} g3 {[%emt 0:00:30] Strongly threatening ...Kg4.} ({Reject} 81... Kh5 $6 82. Kf2 $17) 82. Ne3 Bc7 83. Nxf5+ Kg4 84. Ne3+ Kxf4 85. Nd5+ Ke4 86. Nxc7 {[%emt 0:00:08] aiming for Na8. KN-KP} Kd3 87. Nd5 Kxc4 88. Nxb6+ Kxc3 89. Kxg3 c4 90. Kf3 Kb3 91. Nxc4 Kxa4 92. Nxa5 Kxa5 {[%emt 0:00:03] Weighted Error Value: White=0.21 (precise) /Black=0.24 (precise)} 1/2-1/2

[Event "Przeworsk GM norm 2022"]
[Site "Przeworsk"]
[Date "2022.06.02"]
[Round "5.1"]
[White "Licznerski, Lukasz"]
[Black "Stefansson, Hannes"]
[Result "0-1"]
[ECO "C68"]
[WhiteElo "2439"]
[BlackElo "2534"]
[Annotator "TA"]
[PlyCount "83"]
[EventDate "2022.05.30"]
[EventType "tourn"]
[EventCountry "POL"]
[SourceTitle "playchess.com"]
[Source "ChessBase"]
[SourceQuality "1"]
[TimeControl "40/5400+30:1800+30"]

1. e4 e5 2. Nf3 Nc6 3. Bb5 a6 4. Bxc6 dxc6 5. O-O Bd6 6. d4 exd4 7. Qxd4 f6 8. Nbd2 Be6 9. Qc3 {[%emt 0:00:19] C68: Ruy Lopez: Exchange Variation, sidelines.} Qd7 (9... Qe7 $11) 10. Nc4 (10. e5 $14 fxe5 11. Nxe5 Bxe5 12. Qxe5) 10... Bxc4 $11 11. Qxc4 {[%emt 0:00:02] The position is equal.} Ne7 12. Be3 Ng6 13. Rad1 O-O-O {[%emt 0:03:25] [#]} 14. Bc5 $146 ({Predecessor:} 14. Nd4 Ne5 15. Qe2 Ng4 16. Nf5 Nxe3 17. Qxe3 Kb8 18. Rd3 g6 19. Nxd6 cxd6 20. Rfd1 {½-½ (33) Guseinov,G (2665)-Vidit,S (2726) Tornelo INT 2021}) 14... Rhe8 15. Rfe1 Qe7 16. Bxd6 cxd6 17. Qc3 Nf4 18. Nd4 (18. Qd2 $5 Ne6 19. c4 $11) 18... g6 (18... Qe5 $11) 19. Re3 (19. b4 $14 {is more appropriate.}) 19... Qe5 20. g3 Ne6 21. Qc4 {[%emt 0:02:14][%cal Od4c6] [#] Threatens to win with Nxc6!} Nxd4 22. Rxd4 h5 (22... c5 {looks sharper.} 23. c3 b5 24. Qd5 Kc7) 23. c3 h4 24. Qf7 hxg3 25. hxg3 g5 26. Rf3 (26. Rb4 Re7 27. Qg6 Qe6 $15) 26... c5 27. Ra4 (27. Rdd3 $11) 27... Rf8 $1 $15 28. Qg6 (28. Qd5 $1 $15) 28... Kb8 $17 29. Kg2 Qe7 $36 {[%emt 0:02:27][%mdl 2048] Black is in control.} 30. b4 $2 (30. b3 $17) 30... Rh8 $19 {[%emt 0:03:51] Strongly threatening ...Qd7.} 31. Ra5 Qc7 $2 (31... Qe6 {( -> ...Qh3+)} 32. Qf5 Qc4) 32. a3 (32. Ra3 $142 cxb4 33. Rb3) 32... Ka7 $2 ({Better is} 32... b6 $19 33. Rxa6 Kb7 34. Rxb6+ Kxb6 35. Rxf6 Qc6) 33. Rxf6 $11 Rd7 {[%emt 0:00:25][%cal Bd8d7,Bd7h7,Bh7h2][%mdl 32] White must now prevent ...b6.} 34. Ra4 $2 (34. Qxg5 $2 b6 35. bxc5 (35. Ra4 $2 Qc6 $19) 35... bxa5 36. Rxd6 Rxd6 37. cxd6 Qxc3 38. Qe7+ Kb6 $19) (34. c4 $1 $11) 34... Qc6 $19 35. Ra5 {[%emt 0:00:02][%cal Oa5c5] Rxc5! is the strong threat.} Qc7 36. Ra4 {[%emt 0:00:01] [#]} ({Wrong is} 36. Qxg5 $2 b6 37. bxc5 (37. Ra4 $2 Qc6 $19) 37... bxa5 38. Rxd6 Rxd6 39. cxd6 Qxc3 40. Qe7+ Kb6 $19) 36... Rdh7 $1 37. Qxg5 (37. Rxd6 $142 Rh6 38. Qxh6 Rxh6 39. Rxh6) 37... Qc6 {[%emt 0:03:08][%csl LRa4,LRe4] Black is clearly winning.} ({Not} 37... Qd7 $2 38. Ra5 $19) 38. b5 (38. Qxc5+ $142 dxc5 39. Rxc6 Rh2+ 40. Kg1 Rh1+ 41. Kg2 R8h2+ 42. Kf3 bxc6 43. Ra5) 38... Qxb5 39. Rxd6 Rh2+ 40. Kf3 Qxa4 41. Qxc5+ Ka8 42. Rf6 {[%emt 0:03:41] Inhibits Rf8.  Weighted Error Value: White=0.66/Black=0.35} 0-1

[Event "Przeworsk GM norm 2022"]
[Site "Przeworsk"]
[Date "2022.06.02"]
[Round "5.2"]
[White "Baum, Jonasz"]
[Black "Golubka, Petro"]
[Result "1/2-1/2"]
[ECO "D43"]
[WhiteElo "2409"]
[BlackElo "2380"]
[Annotator "TA"]
[PlyCount "115"]
[EventDate "2022.05.30"]
[EventType "tourn"]
[EventCountry "POL"]
[SourceTitle "playchess.com"]
[Source "ChessBase"]
[SourceQuality "1"]
[TimeControl "40/5400+30:1800+30"]

1. d4 d5 2. c4 e6 3. Nf3 Nf6 4. Nc3 c6 5. Bg5 Nbd7 6. cxd5 cxd5 7. e3 Be7 8. Bd3 a6 9. Ne5 {[%emt 0:16:19] D13: Slav Defence: Exchange variation without ...Bf5.} Nxe5 10. dxe5 Nd7 11. Bxe7 Qxe7 12. f4 {[%emt 0:01:53] [#]} Qb4 $146 ({Predecessor:} 12... f6 13. O-O O-O 14. exf6 Nxf6 15. e4 d4 16. Ne2 e5 17. fxe5 Qxe5 18. Bc4+ Be6 19. Bxe6+ Qxe6 20. Nxd4 Qxe4 {½-½ (49) Hernando Rodrigo,J (2377)-Cuartas,J (2495) Badalona 2008}) 13. Qe2 Nc5 {[%emt 0:00:34][%cal Ob4b2] Strongly threatening ...Qxb2!} 14. O-O Bd7 15. Rac1 O-O 16. Bb1 Bc6 17. Rfd1 Rad8 18. Rd4 Qb6 19. Rcd1 g6 20. h4 Ne4 {[%emt 0:06:34] Inhibits R1d2.} 21. Bxe4 dxe4 22. Rd6 Rxd6 23. Rxd6 Qc7 24. Qd2 h5 25. Qd4 Rc8 26. Kh2 Qe7 27. Kh3 Kg7 28. a4 (28. Nxe4 Bxe4 29. Qxe4 Rc1 $11) 28... a5 29. g3 Qc7 30. Qc5 (30. Nxe4 $2 Bxe4 31. Qxe4 Qc1 $19) 30... Kg8 31. Rd4 Kg7 32. Kh2 ({White should play} 32. g4 $14) 32... b6 (32... Be8 $5 33. Qd6 (33. Qxc7 Rxc7 34. Rd8 Bc6 $11) 33... Bc6 $11) 33. Qd6 Qb7 34. Rc4 b5 35. axb5 Bxb5 36. Rxc8 Qxc8 $11 {[%emt 0:00:38][%mdl 4096] Endgame KQB-KQN} 37. Qb6 (37. Nxb5 $2 Qc2+ 38. Kg1 (38. Kh3 $2 Qc1 $19) 38... Qc1+ 39. Kf2 Qxb2+ 40. Ke1 Qxb5 $19) 37... Bd3 38. Qxa5 Qb7 39. Qa1 Qb6 40. Qc1 Qb4 41. Kg2 Qb3 42. Kf2 f6 (42... Qb4 $14) 43. exf6+ $16 Kxf6 44. Qd2 ({White should try} 44. Ke1 $1 $16) 44... Kf5 (44... Kf7 $1 $14) 45. Kg2 Qb4 46. Nb1 Qb5 {[%emt 0:00:57] [#]} 47. Nc3 (47. Na3 $142 $1 Qb3 48. Qa5+ Kf6 49. Qe5+ (49. Qd8+ Kf7 $11) 49... Kf7 50. Qc7+ Kf6 51. Qc3+ (51. Qd8+ Kg7 $11) 51... Qxc3 52. bxc3) 47... Qb4 48. Qf2 ({Better is} 48. Kg1 $16) 48... Qb3 49. Ne2 (49. Kh2 $16) 49... Bxe2 $14 50. Qxe2 {[%emt 0:00:04] Qd2 is the strong threat. KQ-KQ} Qb4 {[%emt 0:01:17][%mdl 8192] Prevents Qd2.} (50... Kf6 $14) 51. Qc2 $18 {[%emt 0:00:55] aiming for Qc3.} Qb5 52. b3 Kf6 {[%emt 0:04:28] [#]} 53. Qb2+ $2 ({Not} 53. Qxe4 Qxb3 54. Qd4+ Kf7 $16) (53. Qc4 $1 $18 Qb7 54. b4) 53... Kf7 $1 $11 {[%emt 0:00:46] The position is equal.} 54. b4 Qd3 55. Kf2 {[%emt 0:00:13] Hoping for b5.} Qd1 56. Qe2 Qh1 57. b5 Ke7 58. b6 {[%emt 0:01:03] Weighted Error Value: White=0.20 (precise) /Black=0.22 (precise)} 1/2-1/2